 Dungeon Crawl Stone Soup version 0.20.1-1-g8b1a95d (webtiles) character file.

130 equalderp2856 the Skirmisher (level 4, 0/35 HPs)
             Began as a Mummy Fighter on Oct 25, 2017.
             Slain by an orc
             ... wielding a +0 falchion
              (7 damage)
             ... on level 3 of the Dungeon.
             The game lasted 00:03:05 (2013 turns).

equalderp2856 the Skirmisher (Mummy Fighter)        Turns: 2013, Time: 00:03:06

Health: 0/35       AC:  6    Str: 19    XL:     4   Next: 90%
Magic:  4/4        EV:  7    Int:  8    God:
Gold:   47         SH:  9    Dex: 11    Spells: 3/3 levels left

rFire    x . .     SeeInvis .   a - +0 war axe
rCold    + . .     Gourm    .   c - +0 shield
rNeg     + + +     Faith    .   b - +0 scale mail
rPois    ∞         Spirit   .   (no helmet)
rElec    .         Reflect  .   (no cloak)
rCorr    .         Harm     .   (no gloves)
MR       .....                  (no boots)
Stlth    ..........             (no amulet)
Regen    0.2/turn               (no ring)
MPRegen  0.1/turn               (no ring)

@: no status effects
A: no food or potions, fire vulnerability, cold resistance 1, negative energy
resistance 3, torment resistance, unbreathing
a: no special abilities


You were on level 3 of the Dungeon.
You were not hungry.

You visited 1 branch of the dungeon, and saw 3 of its levels.

You collected 47 gold pieces.

Inventory:

Hand Weapons
 a - a +0 war axe (weapon)
Armour
 b - a +0 scale mail (worn)
 c - a +0 shield (worn)
Scrolls
 d - 4 scrolls of identify {unknown}
 e - a scroll of remove curse {unknown}
 f - 2 scrolls of teleportation {unknown}
 g - a scroll of enchant weapon {unknown}


   Skills:
 + Level 3.4 Fighting
 + Level 2.4 Axes
 + Level 3.1 Armour
 + Level 0.4 Dodging
 + Level 0.5 Stealth
 + Level 3.2 Shields


You had 3 spell levels left.
You didn't know any spells.

Dungeon Overview and Level Annotations

Branches:
Dungeon (3/15)

Altars:
Nemelex Xobeh
Beogh


Innate Abilities, Weirdness & Mutations

You do not eat or drink.
Your flesh is vulnerable to fire.
You are immune to poison.
Your flesh is cold resistant. (rC+)
You are immune to negative energy. (rN+++)
You are immune to unholy pain and torment.
You can survive without breathing.


Message History

The orc is almost dead.
Your scale mail prevents you from hitting the jackal.
The jackal bites you but does no damage.
The orc hits you with a mace. The jackal closely misses you.
You slash the orc!
You kill the orc!
You closely miss the jackal. You block the jackal's attack.
The jackal bites you.
* * * LOW HITPOINT WARNING * * *
Your scale mail prevents you from hitting the orc.
You closely miss the jackal. The jackal closely misses you.
The orc hits you with a falchion.
* * * LOW HITPOINT WARNING * * *
The jackal bites you but does no damage.
You block the orc's attack.
You hit the orc.
The orc is severely wounded.
You closely miss the jackal. The jackal barely misses you.
You block the jackal's attack. The orc hits you with a falchion!
You die...

....%..............
................... ..#
.............#+###....#
............g#.### ...#
############...#.#....#
##..#.#... #.>#o..
##g#o# #Kh@# #####


You could see a gnoll, 2 orcs, a jackal and a kobold.

Vanquished Creatures
  A gnoll (D:3)
  4 adders
  3 worms (D:2)
  5 dart slugs
  2 leopard geckos
  5 orcs
  A ball python (D:2)
  3 giant cockroaches
  6 goblins
  10 hobgoblins
  5 jackals
  3 kobolds
  A bat (D:1)
  3 frilled lizards
  6 rats
58 creatures vanquished.

Notes
Turn   | Place    | Note
-------+----------+-------------------------------------------
     0 | D:1      | equalderp2856 the Mummy Fighter began the quest for the Orb.
     0 | D:1      | Reached XP level 1. HP: 18/18 MP: 1/1
   100 | D:1      | Found a roughly hewn altar of Beogh.
   100 | D:1      | Noticed an orc warrior
   100 | D:1      | Noticed an orc wizard
   101 | D:1      | Noticed an orc priest
   101 | D:1      | Reached XP level 2. HP: 22/24 MP: 2/2
   423 | D:1      | Found a sparkling altar of Nemelex Xobeh.
   707 | D:1      | Reached XP level 3. HP: 26/29 MP: 3/3
  1452 | D:2      | Reached XP level 4. HP: 35/35 MP: 4/4
  2013 | D:3      | Slain by an orc

Skill      XL: |  1  2  3  4 |
---------------+-------------+-----
Axes           | 2 |  2.4
Shields        | 3 |  3.2
Armour         | 3 |  3.1
Fighting       | |  3.4
Dodging        | |  0.4
Stealth        | |  0.5

Action                   |  1- 3 |  4- 6 || total
-------------------------+-------+-------++-------
Melee: War axe           |   158 |    78 ||   236
Armor: Scale mail        |    68 |    40 ||   108
Dodge: Dodged            |    46 |    43 ||    89
Block: Shield            |    66 |    49 ||   115
